AoeStats
← METALGOD

MegaRandom

509472580Analyzed
2v2 RM · 5d ago on Sep 26, 2026· 68m 12s· 4 players
Game mode
Random Map
Map size
Medium (4 player)
Population
200
Speed
Normal
Resources
Standard
Victory
Conquest
Starting age
Dark Age
Ending age
Imperial Age
RankedLock teamsTeams togetherTeam positionsShared explorationLock speedFull tech treeHidden civsTurbo modeCheats
Victory
Defeat
🇺🇸 Teutons · United States
509
+16
🇺🇸 Teutons · United States
508
+16
🇿🇦 Persians · South Africa
562
-18
🇹🇷 Franks · Türkiye
448
-14
olwe2mtini
1:02 Loom
15:21 Feudal Age
15:43 Horse Collar
15:52 Double-Bit Axe
17:10 Gold Mining
17:17 Stone Mining
23:35 Man-at-Arms
24:03 Arson
24:34 Scale Mail Armor
24:26 Fletching
24:38 Padded Archer Armor
24:45 Scale Barding Armor
28:50 Castle Age
27:06 Forging
29:00 Long Swordsman
29:26 Gambesons
30:01 Chain Mail Armor
29:55 Pikeman
30:35 Squires
66:50 Husbandry
musaugal7
0:42 Loom
13:51 Feudal Age
15:14 Wheelbarrow
16:05 Double-Bit Axe
17:08 Town Watch
22:56 Castle Age
21:01 Man-at-Arms
26:56 Husbandry
26:30 Long Swordsman
32:31 Bow Saw
33:30 Stone Mining
33:31 Gold Mining
38:56 Imperial Age
38:47 Ordonnance Companies
40:47 Hand Cart
42:49 Cavalier
45:23 Gold Shaft Mining
45:45 Town Patrol
61:49 Chemistry
Quest8014
14:50 Feudal Age
16:13 Wheelbarrow
16:32 Wheelbarrow
17:21 Scale Mail Armor
17:32 Forging
17:31 Double-Bit Axe
17:35 Horse Collar
18:34 Man-at-Arms
19:06 Arson
32:34 Castle Age
32:22 Fletching
33:08 Gambesons
33:24 Squires
32:46 Pikeman
32:47 Long Swordsman
34:45 Chain Mail Armor
34:37 Long Swordsman
37:32 Iron Casting
40:43 Hand Cart
42:18 Caravan
45:07 Padded Archer Armor
45:03 Bodkin Arrow
51:11 Coinage
56:21 Imperial Age
54:27 Heavy Plow
54:48 Bow Saw
57:57 Elite Skirmisher
58:24 Halberdier
60:48 Guilds
61:45 Ballistics
62:26 Chemistry
63:05 Two-Man Saw
62:29 Conscription
65:59 Bloodlines
65:12 Cavalier
67:23 Blast Furnace
66:39 Two-Handed Swordsman
METALGOD
13:02 Feudal Age
13:34 Horse Collar
13:45 Double-Bit Axe
24:06 Castle Age
22:06 Man-at-Arms
24:10 Forging
24:01 Scale Mail Armor
23:54 Arson
25:47 Gambesons
27:35 Wheelbarrow
26:33 Long Swordsman
27:57 Heavy Plow
29:34 Iron Casting
30:16 Caravan
32:29 Bow Saw
36:48 Imperial Age
36:37 Chain Mail Armor
43:19 Gold Mining
44:23 Two-Handed Swordsman
45:15 Squires
45:13 Onager
48:52 Ironclad
52:11 Chemistry
50:52 Champion
52:07 Plate Mail Armor
53:07 Capped Ram
55:10 Blast Furnace
55:06 Hand Cart
56:23 Stone Mining
56:02 Elite Teutonic Knight
60:11 Scale Barding Armor
Connection lost

Rejoining the realm…

Still unreachable

The connection could not be restored.

Session expired

The server has moved on; the page needs a fresh start.